[Event "January 9 Early 2024"]
[Site "https://www.chess.com"]
[Date "2024.01.11"]
[Round "1"]
[White "Gurevich, Dmitry"]
[Black "Radjabov, Teimour"]
[Result "0-1"]
[Board "87"]
[TimeControl "180+1"]
[WhiteFideId "2000407"]
[BlackFideId "13400924"]
[WhiteElo "2522"]
[BlackElo "3034"]
[WhiteTeam "USA"]
[BlackTeam "AZE"]
[WhiteClock "0:00:19"]
[BlackClock "0:01:20"]

1. d4 Nf6 2. c4 g6 3. Nc3 Bg7 4. e4 d6 5. Nf3 O-O 6. Be2 e5 7. O-O h6 8. Re1 a5 9. d5 Na6 10. Be3 Ng4 11. Bd2 Nc5 12. h3 Nf6 13. Qc2 Nh5 14. Be3 Nf4 15. Bf1 Bd7 16. Rad1 Qf6 17. Nh2 Qe7 18. b3 Kh8 19. a3 f5 20. Bxf4 exf4 21. exf5 Qf6 22. Ne4 Bxf5 23. f3 Bxe4 24. fxe4 Qc3 25. Qxc3 Bxc3 26. Re2 Rae8 27. Ng4 Bg7 28. e5 h5 29. exd6 cxd6 30. Nf2 Nxb3 31. Ne4 Nd4 32. Ree1 f3 33. Kh1 f2 34. Re3 Nf5 0-1

[Event "January 9 Early 2024"]
[Site "https://www.chess.com"]
[Date "2024.01.11"]
[Round "1"]
[White "Bodnaruk, Anastasia"]
[Black "Saim, Mohamed Ilias"]
[Result "1-0"]
[Board "88"]
[TimeControl "180+1"]
[WhiteFideId "4181751"]
[BlackFideId "7900465"]
[WhiteElo "2554"]
[BlackElo "2095"]
[WhiteTeam "RUS"]
[BlackTeam "ALG"]
[WhiteClock "0:01:14"]
[BlackClock "0:00:08"]

1. e4 c6 2. d4 d5 3. e5 Bf5 4. g4 Be4 5. f3 Bg6 6. e6 Qd6 7. exf7+ Bxf7 8. Nc3 e5 9. Qe2 Nd7 10. Bf4 Qb4 11. O-O-O O-O-O 12. Bxe5 Re8 13. f4 h5 14. g5 Ne7 15. Bh3 Bg6 16. Nf3 Nf5 17. Qd3 Nh4 18. f5 Nxf3 19. Qxf3 Nxe5 20. dxe5 Bf7 21. e6 Bg8 22. f6 Bxe6 23. Rhe1 Kd7 24. Nxd5 cxd5 25. Qxd5+ Qd6 26. Qb5+ Kc7 27. Rxd6 Bxd6 28. Rxe6 Bf4+ 29. Kb1 Rd8 30. Re7+ Kd6 31. Qb4+ Kd5 32. Bg2# 1-0

[Event "January 9 Early 2024"]
[Site "https://www.chess.com"]
[Date "2024.01.11"]
[Round "1"]
[White "So, Wesley"]
[Black "Ronka, Erik"]
[Result "1-0"]
[Board "89"]
[TimeControl "180+1"]
[WhiteFideId "5202213"]
[BlackFideId "505080"]
[WhiteElo "3053"]
[BlackElo "2523"]
[WhiteTeam "USA"]
[BlackTeam "FIN"]
[WhiteClock "0:01:17"]
[BlackClock "0:00:02"]

1. b3 d5 2. Bb2 Bg4 3. h3 Bh5 4. Nf3 Nd7 5. g4 Bg6 6. Nh4 e5 7. Nxg6 hxg6 8. Bg2 c6 9. c4 d4 10. e3 Nc5 11. O-O Nd3 12. Ba3 Bxa3 13. Nxa3 Ne7 14. Qe2 Nc5 15. f4 d3 16. Qf2 Qa5 17. Nb1 e4 18. f5 gxf5 19. gxf5 O-O-O 20. Nc3 g6 21. Rab1 Qc7 22. b4 Nd7 23. f6 Nf5 24. Nxe4 Nh4 25. c5 Kb8 26. Qf4 Ne5 27. Nd6 Nxg2 28. Kxg2 g5 29. Qxe5 1-0

[Event "January 9 Early 2024"]
[Site "https://www.chess.com"]
[Date "2024.01.11"]
[Round "1"]
[White "Spichkin, Alexander"]
[Black "Zhu, Hengyi"]
[Result "0-1"]
[Board "90"]
[TimeControl "180+1"]
[WhiteFideId "4144074"]
[BlackFideId "8611211"]
[WhiteElo "2404"]
[BlackElo "2740"]
[WhiteTeam "RUS"]
[BlackTeam "CHN"]
[WhiteClock "0:00:44"]
[BlackClock "0:01:08"]

1. f4 d5 2. Nf3 c5 3. e3 Nc6 4. Bb5 Bd7 5. b3 Nf6 6. Bb2 e6 7. O-O Bd6 8. Bxc6 Bxc6 9. Ne5 Rc8 10. d3 O-O 11. Rf3 d4 12. Nxc6 Rxc6 13. e4 Nd7 14. Nd2 b5 15. a4 a6 16. axb5 axb5 17. Ra7 Nb6 18. b4 Bb8 19. Ra6 c4 20. dxc4 bxc4 21. b5 Rc8 22. Ba3 Bd6 23. Bxd6 Qxd6 24. e5 Qc5 25. Qb1 d3+ 26. Kh1 Rfd8 27. c3 Nd5 28. Ne4 Qc7 29. Rf1 Rb8 30. Rc6 Qa5 31. Rxc4 Ne3 32. f5 Nxc4 33. fxe6 fxe6 34. Ng5 Qxb5 35. Qd1 Qxe5 36. Qh5 Qf5 37. Kg1 Qg6 38. Qh4 Ne3 39. Nxe6 Qxe6 40. Re1 d2 0-1

[Event "January 9 Early 2024"]
[Site "https://www.chess.com"]
[Date "2024.01.11"]
[Round "1"]
[White "Fernandez Garcia, Gumersindo"]
[Black "Ozates, Tuna"]
[Result "0-1"]
[Board "91"]
[TimeControl "180+1"]
[WhiteFideId "24516740"]
[BlackFideId "6354521"]
[WhiteElo "2347"]
[BlackElo "2673"]
[WhiteTeam "ESP"]
[BlackTeam "TUR"]
[WhiteClock "0:00:20"]
[BlackClock "0:01:25"]

1. e4 c5 2. c3 d5 3. exd5 Nf6 4. d4 cxd4 5. Qxd4 Qxd5 6. Qxd5 Nxd5 7. Nf3 Nc6 8. Be2 Bg4 9. O-O O-O-O 10. h3 Bh5 11. Na3 f6 12. Nb5 a6 13. Nbd4 Nxd4 14. Nxd4 Bxe2 15. Nxe2 e5 16. Rd1 Bc5 17. a3 Nb6 18. Re1 Nc4 19. b3 Nd2 20. b4 Bb6 21. Ra2 Ne4 22. Be3 Bxe3 23. fxe3 Rd3 24. Rc2 Rxe3 25. Kf1 Rd8 26. Nc1 Rxe1+ 27. Kxe1 h5 28. c4 g5 29. c5 g4 30. hxg4 hxg4 31. c6 b5 32. Ke2 Kc7 33. Nb3 Rd6 34. Na5 f5 35. Ke3 Ng3 36. Kf2 f4 37. Ra2 e4 38. Ra1 e3+ 39. Ke1 f3 0-1

[Event "January 9 Early 2024"]
[Site "https://www.chess.com"]
[Date "2024.01.11"]
[Round "1"]
[White "Ghosh, Chanchal Kumer"]
[Black "Rizzo, Tobias"]
[Result "1-0"]
[Board "92"]
[TimeControl "180+1"]
[WhiteFideId "10201858"]
[BlackFideId "30942691"]
[WhiteElo "2056"]
[BlackElo "2534"]
[WhiteTeam "BAN"]
[BlackTeam "USA"]
[WhiteClock "0:00:58"]
[BlackClock "0:00:16"]

1. e4 c5 2. Nf3 Nc6 3. d4 cxd4 4. Nxd4 e5 5. Nxc6 bxc6 6. c4 Nf6 7. Bd3 d5 8. cxd5 cxd5 9. exd5 Qxd5 10. O-O Bb7 11. f3 Rd8 12. Qa4+ Bc6 13. Qc2 Bc5+ 14. Rf2 Bxf2+ 15. Kxf2 Qd4+ 16. Be3 Qh4+ 17. Kf1 O-O 18. Nd2 Bb7 19. Kg1 Rc8 20. Qb3 1-0

[Event "January 9 Early 2024"]
[Site "https://www.chess.com"]
[Date "2024.01.11"]
[Round "1"]
[White "Erigaisi Arjun"]
[Black "Barria Santos, Jose Guilherme"]
[Result "1-0"]
[Board "93"]
[TimeControl "180+1"]
[WhiteFideId "35009192"]
[BlackFideId "1939300"]
[WhiteElo "3026"]
[BlackElo "2521"]
[WhiteTeam "IND"]
[BlackTeam "POR"]
[WhiteClock "0:01:21"]
[BlackClock "0:00:17"]

1. d3 e5 2. Nd2 Nc6 3. e3 Nf6 4. Ne2 d5 5. Nb3 Bd6 6. Ng3 a5 7. a4 Ne7 8. Be2 c6 9. Bd2 Nf5 10. Nxf5 Bxf5 11. g4 Be6 12. h4 b6 13. g5 Nd7 14. Bg4 Qe7 15. Rg1 Nc5 16. Nxc5 Bxc5 17. Qe2 O-O 18. Bxe6 Qxe6 19. h5 Bb4 20. Bxb4 axb4 21. Qg4 Qxg4 22. Rxg4 c5 23. e4 d4 24. Kd2 b5 25. b3 bxa4 26. bxa4 Ra6 27. f4 exf4 28. Rxf4 Rfa8 29. Rf5 Rc8 30. Rd5 h6 31. gxh6 Rxh6 32. a5 Ra6 33. Kc1 c4 34. Kb2 cxd3 35. cxd3 Rc3 36. Rxd4 Rc5 37. Rd5 1-0

[Event "January 9 Early 2024"]
[Site "https://www.chess.com"]
[Date "2024.01.11"]
[Round "1"]
[White "Topalov, Aleksandar"]
[Black "Hayrapetyan, Hovik"]
[Result "0-1"]
[Board "94"]
[TimeControl "180+1"]
[WhiteFideId "925659"]
[BlackFideId "13302639"]
[WhiteElo "2441"]
[BlackElo "2809"]
[WhiteTeam "SRB"]
[BlackTeam "ARM"]
[WhiteClock "0:00:26"]
[BlackClock "0:00:41"]

1. b3 Nf6 2. Bb2 d5 3. Nf3 c5 4. e3 a6 5. Be2 Nc6 6. O-O Bf5 7. d3 e6 8. Nh4 Bg6 9. Nd2 Bd6 10. f4 Qc7 11. Nxg6 hxg6 12. Nf3 e5 13. e4 dxe4 14. dxe4 O-O-O 15. Qe1 exf4 16. Bd3 Ne5 17. h3 Nxf3+ 18. Rxf3 Be5 19. Qc1 g5 20. a4 g4 21. hxg4 g5 22. Rb1 Nxg4 23. Qf1 Bxb2 24. Rxb2 Qe5 0-1

[Event "January 9 Early 2024"]
[Site "https://www.chess.com"]
[Date "2024.01.11"]
[Round "1"]
[White "Kosteniuk, Alexandra"]
[Black "Burmakin, Evgeniy"]
[Result "1-0"]
[Board "95"]
[TimeControl "180+1"]
[WhiteFideId "4128125"]
[BlackFideId "4163729"]
[WhiteElo "2762"]
[BlackElo "2424"]
[WhiteTeam "SUI"]
[BlackTeam "RUS"]
[WhiteClock "0:01:30"]
[BlackClock "0:00:02"]

1. Nf3 Nf6 2. g3 g6 3. Bg2 Bg7 4. O-O O-O 5. c4 d6 6. d4 c6 7. Nc3 Nbd7 8. e4 e5 9. dxe5 dxe5 10. Qe2 Qc7 11. Rd1 Nc5 12. b4 Ne6 13. Bb2 a5 14. a3 axb4 15. axb4 Rxa1 16. Bxa1 Bd7 17. Na4 Nh5 18. c5 Rd8 19. Nb6 Be8 20. Rxd8 Nxd8 21. Nc4 f6 22. Nd6 Bd7 23. Qa2+ Be6 24. Qa8 Bf8 25. Nxe5 fxe5 26. Bxe5 Qd7 27. h4 Nf7 28. Nxf7 Qxf7 29. Bd6 Nf6 30. Bxf8 Qxf8 31. Qxb7 Qe8 32. b5 cxb5 33. c6 1-0

[Event "January 9 Early 2024"]
[Site "https://www.chess.com"]
[Date "2024.01.11"]
[Round "1"]
[White "Herman, Daniel"]
[Black "Sokolovsky, Yahli"]
[Result "0-1"]
[Board "96"]
[TimeControl "180+1"]
[WhiteFideId "30935008"]
[BlackFideId "2820242"]
[WhiteElo "2418"]
[BlackElo "2759"]
[WhiteTeam "USA"]
[BlackTeam "ISR"]
[WhiteClock "0:00:42"]
[BlackClock "0:00:27"]

1. c4 d6 2. Nc3 e5 3. Nf3 f5 4. d4 e4 5. Ng1 c6 6. Bf4 Nf6 7. e3 Be7 8. h4 O-O 9. Nh3 Ng4 10. h5 Qe8 11. Be2 Qxh5 12. Qb3 Qf7 13. Ng5 Bxg5 14. Bxg5 Be6 15. Bf4 Rd8 16. d5 cxd5 17. cxd5 Bc8 18. Nb5 Qe7 19. Rc1 Na6 20. Qa3 Ne5 21. b4 Bd7 22. Nd4 Rac8 23. Kd2 Nc7 24. Qb3 Qf7 25. Bxe5 dxe5 26. Rxc7 Rxc7 27. Nc2 Be6 0-1

[Event "January 9 Early 2024"]
[Site "https://www.chess.com"]
[Date "2024.01.11"]
[Round "1"]
[White "Luxama, Jacques Muller"]
[Black "Kurmangaliyeva, Liya"]
[Result "1-0"]
[Board "97"]
[TimeControl "180+1"]
[WhiteFideId "11900113"]
[BlackFideId "13725831"]
[WhiteElo "2006"]
[BlackElo "2522"]
[WhiteTeam "HAI"]
[BlackTeam "KAZ"]
[WhiteClock "0:01:17"]
[BlackClock "0:00:26"]

1. e4 e6 2. d4 d5 3. Nc3 Nf6 4. e5 Nfd7 5. f4 c5 6. Nf3 Nc6 7. Be3 a6 8. Qd2 b5 9. Ne2 Qb6 10. c3 Be7 11. Ng3 h5 12. Bd3 h4 13. Ne2 h3 14. g4 Bb7 15. O-O c4 16. Bc2 O-O-O 17. b3 Na5 18. Rfb1 Bc6 19. Qe1 Kb8 20. a4 cxb3 21. Bxb3 Kc7 22. axb5 axb5 23. Bc2 Ra8 24. Nd2 Qb7 25. Nc1 Nb6 26. Nd3 Nbc4 27. Nxc4 dxc4 28. Nc5 Bxc5 29. dxc5 Be4 30. c6 Qxc6 31. Bxe4 Qxe4 32. Bb6+ Kxb6 33. Qxe4 Nc6 34. Rxa8 Rxa8 35. Qxc4 Ra5 36. Qd3 Na7 37. Qd8+ Ka6 38. c4 Ra4 39. cxb5+ Nxb5 40. Qa8+ Na7 41. Qb7+ Ka5 42. Qb6# 1-0

[Event "January 9 Early 2024"]
[Site "https://www.chess.com"]
[Date "2024.01.11"]
[Round "1"]
[White "Firouzja, Alireza"]
[Black "Astafurov, Arseniy"]
[Result "1-0"]
[Board "98"]
[TimeControl "180+1"]
[WhiteFideId "12573981"]
[BlackFideId "24175218"]
[WhiteElo "3132"]
[BlackElo "2534"]
[WhiteTeam "FRA"]
[BlackTeam "RUS"]
[WhiteClock "0:01:09"]
[BlackClock "0:00:17"]

1. d4 d5 2. Nf3 Nf6 3. c4 c6 4. e3 a6 5. Qc2 e6 6. Nbd2 Nbd7 7. b3 Bd6 8. Bb2 O-O 9. Bd3 Qe7 10. Ne5 h6 11. O-O c5 12. cxd5 exd5 13. f4 b5 14. dxc5 Nxc5 15. Ndf3 Nfe4 16. Rad1 Bf5 17. Nd4 Bh7 18. Bxe4 Bxe4 19. Qe2 Rac8 20. Ba1 Bxe5 21. fxe5 Ne6 22. Nf5 Qg5 23. h4 Qd8 24. Qg4 Kh7 25. Nd6 Rc2 26. Nxe4 Qb6 27. Qf5+ Kh8 28. Nf6 Qxe3+ 29. Kh1 gxf6 30. Qxc2 1-0

[Event "January 9 Early 2024"]
[Site "https://www.chess.com"]
[Date "2024.01.11"]
[Round "1"]
[White "Rosenberg, Evan S"]
[Black "Ranaldi, Lucas"]
[Result "1-0"]
[Board "99"]
[TimeControl "180+1"]
[WhiteFideId "2019299"]
[BlackFideId "1519484"]
[WhiteElo "2380"]
[BlackElo "2681"]
[WhiteTeam "USA"]
[BlackTeam "NOR"]
[WhiteClock "0:01:36"]
[BlackClock "0:00:01"]

1. d4 Nf6 2. Nf3 b6 3. g3 Bb7 4. Bg2 e6 5. O-O Be7 6. c4 O-O 7. Nc3 Ne4 8. Nxe4 Bxe4 9. Ne1 Bxg2 10. Nxg2 d5 11. Qa4 dxc4 12. Qxc4 Bf6 13. Be3 c6 14. Rac1 Qd7 15. Rfd1 Rc8 16. Nf4 b5 17. Qb3 Na6 18. Nd3 Nc7 19. Nc5 Qe8 20. Bf4 Nd5 21. Be5 Be7 22. e4 Nf6 23. Bxf6 Bxf6 24. e5 Be7 25. f4 Rd8 26. Kf2 Rd5 27. Rd3 Rad8 28. Rcd1 Bxc5 29. dxc5 Qe7 30. Rxd5 exd5 31. Qc3 Qe6 32. b4 Qh3 33. Kg1 Qg4 34. Qd3 h5 35. Kg2 h4 36. Qf3 h3+ 37. Kf2 Qf5 38. Qd3 Qh5 39. Rd2 Ra8 40. a4 bxa4 41. Qa6 Rb8 42. Qxa4 1-0

[Event "January 9 Early 2024"]
[Site "https://www.chess.com"]
[Date "2024.01.11"]
[Round "1"]
[White "Maltsevskaya, Aleksandra"]
[Black "Gutierrez Carmona, Juan Alejandro"]
[Result "1-0"]
[Board "100"]
[TimeControl "180+1"]
[WhiteFideId "24174041"]
[BlackFideId "5106770"]
[WhiteElo "2579"]
[BlackElo "2183"]
[WhiteTeam "POL"]
[BlackTeam "MEX"]
[WhiteClock "0:01:06"]
[BlackClock "0:00:02"]

1. e4 e5 2. Nf3 Nc6 3. Bb5 a6 4. Ba4 Nf6 5. O-O Be7 6. Re1 b5 7. Bb3 d6 8. h3 O-O 9. c3 Na5 10. Bc2 c5 11. d4 Qc7 12. Nbd2 c4 13. d5 Nb7 14. a4 Bd7 15. Nf1 Nc5 16. Bg5 bxa4 17. Bxf6 Bxf6 18. Ne3 Nb3 19. Bxb3 cxb3 20. g3 Qb6 21. Kg2 Rac8 22. Qe2 g6 23. h4 Bg7 24. h5 f5 25. hxg6 hxg6 26. Nh4 f4 27. Nc4 Rxc4 28. Qxc4 fxg3 29. fxg3 1-0

[Event "January 9 Early 2024"]
[Site "https://www.chess.com"]
[Date "2024.01.11"]
[Round "1"]
[White "Azar, Sebastien"]
[Black "Durarbayli, Vasif"]
[Result "0-1"]
[Board "101"]
[TimeControl "180+1"]
[WhiteFideId "2640198"]
[BlackFideId "13402935"]
[WhiteElo "2437"]
[BlackElo "2795"]
[WhiteTeam "CAN"]
[BlackTeam "AZE"]
[WhiteClock "0:00:15"]
[BlackClock "0:01:22"]

1. e4 e6 2. d4 d5 3. e5 c5 4. c3 Nc6 5. Nf3 Bd7 6. Be2 Nge7 7. O-O cxd4 8. cxd4 Nf5 9. Be3 Be7 10. Nc3 O-O 11. Bd3 Nxe3 12. fxe3 f5 13. exf6 Bxf6 14. a3 Qe8 15. Rc1 Qh5 16. Nd2 Qh6 17. Rf3 Bg5 18. Rh3 Bxe3+ 19. Kh1 Bxd2 20. Rxh6 Bxh6 21. Rc2 Nxd4 22. h3 Nxc2 23. Qxc2 g6 24. Ne2 Rac8 25. Qb1 Rf2 26. Kh2 e5 27. Ng3 e4 28. Qa2 exd3 29. Qxd5+ Rf7 30. Ne4 Bg7 31. Nd6 Rf8 32. Nxf7 Rxf7 33. Qxd3 Bc6 34. Qd8+ Rf8 35. Qd2 a6 36. b4 Kh8 37. h4 h5 38. Kh3 Kh7 39. Qc2 Rf4 40. Qd2 Rg4 41. g3 Be5 0-1

[Event "January 9 Early 2024"]
[Site "https://www.chess.com"]
[Date "2024.01.11"]
[Round "1"]
[White "Valle Luis, Leo"]
[Black "Klimkowski, Jan"]
[Result "0-1"]
[Board "102"]
[TimeControl "180+1"]
[WhiteFideId "54577187"]
[BlackFideId "21856222"]
[WhiteElo "2502"]
[BlackElo "2950"]
[WhiteTeam "ESP"]
[BlackTeam "POL"]
[WhiteClock "0:00:21"]
[BlackClock "0:01:07"]

1. e4 c5 2. Nf3 d6 3. d4 cxd4 4. Nxd4 Nf6 5. Nc3 a6 6. Bg5 e6 7. f4 Be7 8. Qf3 Qc7 9. O-O-O Nbd7 10. g4 b5 11. a3 Bb7 12. Bd3 Nc5 13. h4 Rc8 14. Kb1 h6 15. Bxf6 Bxf6 16. Nde2 Be7 17. g5 Qb6 18. Na2 d5 19. Ng3 Qc7 20. Rh2 dxe4 21. Nxe4 hxg5 22. Rg2 Qxf4 23. Qxf4 gxf4 24. Nxc5 Bxg2 25. Nxa6 Rxh4 26. Bxb5+ Kf8 27. Nc1 f3 28. Nd3 Rh1 29. Rxh1 Bxh1 30. Nab4 Bh4 31. Ba6 Rd8 32. Nc6 Rd6 33. Bb7 f2 34. Nxf2 Bxf2 35. Na5 Bxb7 36. Nxb7 Rb6 37. Na5 g5 38. Nc4 g4 39. Nxb6 Bxb6 0-1

[Event "January 9 Early 2024"]
[Site "https://www.chess.com"]
[Date "2024.01.11"]
[Round "1"]
[White "Mahdavi, Reza"]
[Black "Hamley, Ryan"]
[Result "1-0"]
[Board "103"]
[TimeControl "180+1"]
[WhiteFideId "12595926"]
[BlackFideId "30959497"]
[WhiteElo "2867"]
[BlackElo "2474"]
[WhiteTeam "IRI"]
[BlackTeam "USA"]
[WhiteClock "0:01:30"]
[BlackClock "0:00:11"]

1. e4 c6 2. d4 d5 3. e5 Bf5 4. Nf3 e6 5. Be2 c5 6. Be3 Qb6 7. Nc3 Nc6 8. Bb5 a6 9. dxc5 Bxc5 10. Bxc5 Qxc5 11. Qd4 Qxd4 12. Bxc6+ bxc6 13. Nxd4 Ne7 14. Na4 Kd7 15. Nb6+ Kc7 16. Nxa8+ Rxa8 17. b4 Ng6 18. Kd2 Nxe5 19. Nxf5 exf5 20. Rhe1 Kd6 21. Kc3 f4 22. Kd4 f6 23. a4 a5 24. bxa5 c5+ 25. Kc3 d4+ 26. Kd2 Rxa5 27. Reb1 Kd5 28. Rb7 c4 29. Rxg7 c3+ 30. Ke2 Ra8 31. a5 Re8 32. a6 Nc4+ 33. Kf3 d3 34. cxd3 Nd2+ 35. Kxf4 Nb3 36. Rf1 c2 37. Rc7 c1=Q+ 38. Rfxc1 Nxc1 39. Rxc1 Ra8 40. Ra1 Ke6 41. a7 h6 42. Ra6+ Ke7 43. Kf5 1-0

[Event "January 9 Early 2024"]
[Site "https://www.chess.com"]
[Date "2024.01.11"]
[Round "1"]
[White "Skliarov, Viktor"]
[Black "Rodriguez Avila, Alvaro"]
[Result "1-0"]
[Board "104"]
[TimeControl "180+1"]
[WhiteFideId "14106736"]
[BlackFideId "24570249"]
[WhiteElo "2653"]
[BlackElo "2318"]
[WhiteTeam "UKR"]
[BlackTeam "ESP"]
[WhiteClock "0:00:51"]
[BlackClock "0:00:02"]

1. e4 c5 2. Nf3 g6 3. c3 Bg7 4. d4 cxd4 5. cxd4 d5 6. e5 Nc6 7. h3 Bf5 8. Bd3 Be4 9. Nc3 Bxf3 10. Qxf3 Nxd4 11. Qxd5 Qxd5 12. Nxd5 Bxe5 13. f4 Bd6 14. Be3 Nc6 15. Kf2 Nf6 16. Nxf6+ exf6 17. Rhd1 Bc7 18. Bb5 Rd8 19. Bxa7 Bxf4 20. Bb6 Rxd1 21. Rxd1 Ke7 22. Bc5+ Ke8 23. a4 Be5 24. b4 h5 25. a5 1-0

[Event "January 9 Early 2024"]
[Site "https://www.chess.com"]
[Date "2024.01.11"]
[Round "1"]
[White "Le, Tuan Minh"]
[Black "Baches Garcia, Guillermo"]
[Result "1-0"]
[Board "105"]
[TimeControl "180+1"]
[WhiteFideId "12401153"]
[BlackFideId "2209764"]
[WhiteElo "2998"]
[BlackElo "2514"]
[WhiteTeam "VIE"]
[BlackTeam "ESP"]
[WhiteClock "0:01:05"]
[BlackClock "0:00:41"]

1. d4 d5 2. Nf3 e6 3. Bf4 Bd6 4. e3 Nf6 5. Nbd2 O-O 6. Bd3 b6 7. Qe2 a5 8. Bg5 h6 9. Bxf6 Qxf6 10. e4 Qd8 11. O-O Ba6 12. c4 c6 13. Rac1 Nd7 14. g3 Qe7 15. cxd5 Bxd3 16. Qxd3 cxd5 17. exd5 exd5 18. Rfe1 Qd8 19. Qb5 Nf6 20. a3 Rb8 21. Ne5 Bxe5 22. dxe5 Nd7 23. Nf3 Nc5 24. b4 axb4 25. axb4 Ne4 26. Nd4 Rc8 27. Rxc8 Qxc8 28. Qxd5 Nc3 29. Qf3 Rd8 30. Nc6 1-0

[Event "January 9 Early 2024"]
[Site "https://www.chess.com"]
[Date "2024.01.11"]
[Round "1"]
[White "Horak, Martin"]
[Black "Svane, Rasmus"]
[Result "0-1"]
[Board "106"]
[TimeControl "180+1"]
[WhiteFideId "367095"]
[BlackFideId "4657101"]
[WhiteElo "2520"]
[BlackElo "3015"]
[WhiteTeam "CZE"]
[BlackTeam "GER"]
[WhiteClock "0:00:35"]
[BlackClock "0:00:34"]

1. e4 c6 2. Nf3 d5 3. Nc3 dxe4 4. Nxe4 Nf6 5. Qe2 Nxe4 6. Qxe4 Qa5 7. Bc4 Bf5 8. Qf4 e6 9. O-O Be7 10. c3 O-O 11. d4 Nd7 12. Re1 Rfe8 13. Ne5 Nxe5 14. Rxe5 Qd8 15. Bd2 Bd6 16. Rae1 Bxe5 17. Qxe5 Rc8 18. Qg3 Qf6 19. Bf4 Qg6 20. Qh4 Be4 21. Bg3 Bd5 22. Bf1 b5 23. h3 Bc4 24. Re5 Bxf1 25. Rg5 Qb1 26. Rxg7+ Kxg7 27. Be5+ Kg8 28. Qf6 Bxg2+ 29. Kh2 Qh1+ 30. Kg3 Qxh3+ 31. Kf4 Qf3+ 32. Kg5 Qxf6+ 0-1

[Event "January 9 Early 2024"]
[Site "https://www.chess.com"]
[Date "2024.01.11"]
[Round "1"]
[White "Korol, Dimitry"]
[Black "Aarav Dengla"]
[Result "0-1"]
[Board "107"]
[TimeControl "180+1"]
[WhiteFideId "14108003"]
[BlackFideId "45059756"]
[WhiteElo "2326"]
[BlackElo "2660"]
[WhiteTeam "UKR"]
[BlackTeam "IND"]
[WhiteClock "0:00:03"]
[BlackClock "0:01:43"]

1. d4 d5 2. c4 e6 3. Nc3 a6 4. cxd5 exd5 5. Bf4 Nf6 6. e3 Bd6 7. Nge2 O-O 8. Bxd6 Qxd6 9. Ng3 b6 10. Bd3 c5 11. O-O c4 12. Bc2 b5 13. a3 Nc6 14. Rc1 Rb8 15. Bb1 a5 16. f3 b4 17. axb4 axb4 18. Nce2 Re8 19. Qd2 Na5 20. Bc2 c3 21. bxc3 Nc4 22. Qd3 Rxe3 23. Qd1 bxc3 24. Bd3 Nd2 25. Rxc3 Nxf1 26. Qxf1 Re8 27. Rc1 Bd7 28. h3 Qa3 29. Qd1 Ba4 30. Bc2 Qe3+ 31. Kh2 Bxc2 32. Qxc2 h5 33. h4 g6 34. Rd1 Kg7 35. Rd3 Qe6 36. Qd2 Qd6 37. Qg5 Rxe2 38. f4 Ng4+ 39. Kh3 Nf2+ 40. Kh2 Nxd3 41. Nxe2 Re8 42. Ng3 Qxf4 43. Qxd5 Qxh4+ 44. Kg1 Re1+ 45. Nf1 Rxf1+ 46. Kxf1 Qf2# 0-1

[Event "January 9 Early 2024"]
[Site "https://www.chess.com"]
[Date "2024.01.11"]
[Round "1"]
[White "Isajevsky, Anton"]
[Black "Bonin, Jay"]
[Result "1/2-1/2"]
[Board "108"]
[TimeControl "180+1"]
[WhiteFideId "4142500"]
[BlackFideId "2000644"]
[WhiteElo "2638"]
[BlackElo "2311"]
[WhiteTeam "RUS"]
[BlackTeam "USA"]
[WhiteClock "0:00:19"]
[BlackClock "0:01:10"]

1. c4 Nf6 2. Nc3 g6 3. e4 d6 4. d4 Bg7 5. Bd3 Nc6 6. Nge2 Nd7 7. Be3 e5 8. Bc2 exd4 9. Nxd4 Nde5 10. Bb3 Ng4 11. Nxc6 Nxe3 12. Nxd8 Nxd1 13. Rxd1 Bxc3+ 14. bxc3 Kxd8 15. c5 Ke7 16. cxd6+ cxd6 17. Rd4 Be6 18. Kd2 Rhc8 19. Rd1 Rc6 20. Kc2 Rac8 21. R1d3 b5 22. f3 a5 23. Kb2 b4 24. cxb4 Bxb3 25. Kxb3 Rc2 26. Rd2 R8c3+ 27. Ka4 axb4 28. Kxb4 Rc4+ 29. Kb3 R4c3+ 30. Kb4 Rc4+ 31. Rxc4 Rxd2 32. a4 Rxg2 33. Kb5 Rxh2 34. a5 Rb2+ 35. Kc6 Ra2 36. Kb6 Rb2+ 37. Kc6 Ra2 38. Kb6 Rb2+ 39. Kc6 1/2-1/2

[Event "January 9 Early 2024"]
[Site "https://www.chess.com"]
[Date "2024.01.11"]
[Round "1"]
[White "Dubnevych, Maksym"]
[Black "Zemlyanskii, Ivan"]
[Result "0-1"]
[Board "109"]
[TimeControl "180+1"]
[WhiteFideId "14184001"]
[BlackFideId "24249971"]
[WhiteElo "2514"]
[BlackElo "2997"]
[WhiteTeam "UKR"]
[BlackTeam "RUS"]
[WhiteClock "0:00:02"]
[BlackClock "0:01:11"]

1. d4 d5 2. c4 e6 3. Nf3 Nf6 4. Nc3 c6 5. e3 Nbd7 6. Bd3 dxc4 7. Bxc4 b5 8. Bd3 Bb7 9. O-O a6 10. e4 c5 11. dxc5 Bxc5 12. a3 Qb8 13. Re1 O-O 14. Qc2 Ng4 15. Nd1 Nde5 16. Nxe5 Qxe5 17. g3 Rac8 18. Qe2 Nf6 19. Bf4 Qh5 20. Qxh5 Nxh5 21. Be3 Rfd8 22. Bf1 Nf6 23. Nc3 Bxe3 24. Rxe3 Rd2 25. Rb1 Kf8 26. f3 Rcd8 27. Re2 R2d4 28. Kf2 Nd7 29. Re3 Ne5 30. Be2 Rd2 31. b3 Rc2 32. f4 Ng4+ 33. Kf3 Nxe3 34. Kxe3 Rxc3+ 35. Kf2 Bxe4 0-1

[Event "January 9 Early 2024"]
[Site "https://www.chess.com"]
[Date "2024.01.11"]
[Round "1"]
[White "Dmitrenko, Viktor"]
[Black "Rustemov, Alexander"]
[Result "0-1"]
[Board "110"]
[TimeControl "180+1"]
[WhiteFideId "14110270"]
[BlackFideId "4119002"]
[WhiteElo "2436"]
[BlackElo "2795"]
[WhiteTeam "UKR"]
[BlackTeam "RUS"]
[WhiteClock "0:00:08"]
[BlackClock "0:01:03"]

1. d4 d5 2. Nf3 Nf6 3. c4 c6 4. Qc2 dxc4 5. e4 b5 6. b3 cxb3 7. axb3 e6 8. Bd2 a5 9. Bd3 Be7 10. O-O Bb7 11. Nc3 Na6 12. e5 Nb4 13. Qb1 Nfd5 14. Nxd5 Qxd5 15. Be4 Qd7 16. Rc1 h6 17. h4 O-O 18. h5 Rfc8 19. Be3 Nd5 20. Qd3 a4 21. bxa4 Rxa4 22. Rxa4 bxa4 23. Bd2 a3 24. Rb1 Ra8 25. Ra1 Ba6 26. Qc2 Bb5 27. Qb3 Qa7 28. Bb1 Qa4 29. Qa2 Bc4 30. Qc2 Qxc2 31. Bxc2 a2 32. Ne1 Bb4 0-1

[Event "January 9 Early 2024"]
[Site "https://www.chess.com"]
[Date "2024.01.11"]
[Round "1"]
[White "Mihajlovskij, Sergei"]
[Black "Kiselev, Vitalii"]
[Result "0-1"]
[Board "111"]
[TimeControl "180+1"]
[WhiteFideId "13500805"]
[BlackFideId "4194128"]
[WhiteElo "2197"]
[BlackElo "2598"]
[WhiteTeam "BLR"]
[BlackTeam "FID"]
[WhiteClock "0:00:49"]
[BlackClock "0:00:42"]

1. e4 c5 2. Nf3 e6 3. g3 Nc6 4. d3 d5 5. Qe2 Nge7 6. Bg2 g6 7. O-O Bg7 8. Nbd2 O-O 9. Rd1 b6 10. Nf1 Bb7 11. c3 Qc7 12. Bf4 e5 13. Bd2 Rad8 14. a4 Rfe8 15. Be1 h6 16. h4 Kh7 17. Ne3 d4 18. Nc4 Ba6 19. b3 dxc3 20. Bxc3 Bc8 21. Nh2 Nd4 22. Bxd4 Rxd4 23. Rac1 Nc6 24. Qe3 Rdd8 25. Ra1 h5 26. a5 b5 27. Na3 Nd4 28. Rdb1 Bh6 29. Qe1 a6 30. Ra2 Be6 31. Rab2 Rd6 32. Nc2 Nxc2 33. Rxc2 Rxd3 34. b4 c4 35. Bf1 Rd6 36. Nf3 f6 37. Be2 Red8 38. Rd1 Rxd1 39. Bxd1 Qd6 40. Be2 Bg4 41. Kg2 Kg7 42. Bxc4 bxc4 43. Rxc4 Bxf3+ 0-1